 Dungeon Crawl Stone Soup version 0.29-a0-322-g68df515428 (webtiles) character file.

Game seed: 2651075531566314420

35 weaper the Chopper (level 3, -9/33 HPs)
             Began as a Minotaur Berserker on Apr 6, 2022.
             Was a Follower of Trog.
             Killed by divine providence
             ... invoked by an orc priest
              (13 damage)
             ... on level 3 of the Dungeon on Apr 7, 2022.
             The game lasted 00:12:50 (2046 turns).

weaper the Chopper (Minotaur Berserker)             Turns: 2046, Time: 00:12:50

Health: -9/33      AC:  4    Str: 23    XL:     3   Next: 16%
Magic:  2/2        EV: 12    Int:  4    God:    Trog [*.....]
Gold:   36         SH:  0    Dex:  9    Spells: 2/2 levels left

rFire   . . .      SeeInvis .   a - +0 hand axe
rCold   . . .      Faith    .   (no shield)
rNeg    . . .      Spirit   .   k - +0 leather armour
rPois   .          Reflect  .   d - +1 hat
rElec   .          Harm     .   (no cloak)
rCorr   .          Rampage  .   (no gloves)
Will    .....                   (no boots)
Stlth   ..........              (no amulet)
HPRegen 0.11/turn               (no ring)
MPRegen 0.08/turn               (no ring)

@: confused
A: horns 2, retaliatory headbutt
a: Renounce Religion, Berserk


You were on level 3 of the Dungeon.
You worshipped Trog.
Trog was aware of your devotion.
You visited 1 branch of the dungeon, and saw 3 of its levels.

You collected 36 gold pieces.

Inventory:

Hand Weapons
 a - a +0 hand axe (weapon)
 g - a +0 short sword
 j - a +0 dagger
 l - a +2 vampiric whip
 n - a +0 trident
Missiles
 f - 54 stones (quivered)
Armour
 b - a +0 animal skin
 c - a +0 helmet
 d - a +1 hat (worn)
 k - a +0 leather armour (worn)
Scrolls
 e - a scroll of noise {unknown}
 h - 2 scrolls of identify {unknown}
 i - a scroll of acquirement {unknown}
Potions
 m - a potion of mutation {unknown}


   Skills:
 - Level 3.8 Fighting
 + Level 4.4 Axes
 + Level 2.7 Armour
 + Level 2.7 Dodging
 + Level 0.2 Stealth


You had 2 spell levels left.
You didn't know any spells.
Your spell library contained the following spells:

 Spells                   Type           Power      Damage    Failure   Level
 Magic Dart               Conj           0%         1d3       54%         1
 Searing Ray              Conj           0%         2d4       69%         2
 Fulminant Prism          Conj/Hex       0%         3d6       100%        4


Dungeon Overview and Level Annotations

Branches:
Dungeon (3/15)

Altars:


Innate Abilities, Weirdness & Mutations

You have a pair of horns on your head.
You reflexively headbutt those who attack you in melee.


Message History

The frilled lizard hisses angrily.
The bat hits you but does no damage.
You hit the bat. Your headbutt misses the bat.
The bat is severely wounded.
The bat misses you. The bat hits you but does no damage.
You barely miss the frilled lizard. You headbutt the frilled lizard.
You kill the frilled lizard!
Trog accepts your kill. The bat hits you but does no damage.
The bat barely misses you. The bat barely misses you.
You hit the bat.
You kill the bat!
Trog accepts your kill.
You see here a book of Conjurations.
You pick up a book of Conjurations and begin reading...
You add the spells Magic Dart, Searing Ray and Fulminant Prism to your library.
You open the door.
An orc priest comes into view. It is wielding a +0 dagger.
The orc priest shouts!
The orc priest invokes the aid of Beogh against you.
Beogh smites you!
An orc comes into view. It is wielding a +0 war axe.
You hear a shout!
There is an open door here.
The orc priest calls down the wrath of Beogh upon you.
Beogh smites you!
An orc wizard comes into view. It is wielding a +0 dagger.
There are monsters nearby!
There are monsters nearby!
The orc wizard casts a spell at you.
You are confused.
You're too confused to move!
The orc hits you with a +0 war axe!
* * * LOW HITPOINT WARNING * * *
The orc attacks as you move away! The orc hits you with a +0 war axe.
* * * LOW HITPOINT WARNING * * *
The orc priest mumbles some strange prayers to Beogh against you.
Beogh smites you!
You die...

... '......# #...
...... ##...###....
....o......
.......#.#
.......#'######
#....o.....#
#...o......#
#..@.....<.#
#..........# #
#..........##.#
#.............#
#.........†#########
#.###.###.....<.....
#. #.# #.##########
#. #.# #.. ###


You could see an orc priest, an orc wizard and an orc.

Vanquished Creatures
  An adder (D:3)
  4 bats
  5 endoplasms
  A giant cockroach (D:1)
  2 goblins (D:1)
  4 hobgoblins
  3 kobolds
  2 ball pythons
  A frilled lizard (D:3)
23 creatures vanquished.

Notes
Turn   | Place    | Note
-------+----------+-------------------------------------------
     0 | D:1      | weaper the Minotaur Berserker began the quest for the Orb.
     0 | D:1      | Reached XP level 1. HP: 19/19 MP: 0/0
   764 | D:1      | Reached XP level 2. HP: 22/27 MP: 1/1
  1660 | D:1      | Reached skill level 4 in Axes
  2018 | D:3      | Reached XP level 3. HP: 30/33 MP: 2/2
  2046 | D:3      | Killed from afar by an orc priest

Illustrated notes

Levels and vault maps discovered:
D:1:      matt_arrival_diagonals, layout_rooms, serial_forest,
          infiniplex_forest_split, infiniplex_forest_straight_4,
          infiniplex_forest_diagonal, infiniplex_forest_end_2,
          infiniplex_forest_lined_2, hellmonk_ecumenical_altar_crossroads,
          serial_bayou_ford_a, glass_columns_a, corexii_leaking_fountain,
          st_stairs_14
D:2:      layout_basic
D:3:      layout_basic, nicolae_dithmenos_the_darkroom,
          gammafunk_ghost_mausoleum, hangedman_feature_mirror, uniq_robin

Skill      XL: |  1  2 |
---------------+-------+-----
Axes           | 4 |  4.4
Fighting       | |  3.8
Armour         | |  2.7
Dodging        | |  2.7
Stealth        | |  0.2

Action                   || total
-------------------------++-------
Melee: Hand axe          ||    50
       Punch             ||     2
       Headbutt          ||    10
  Use: Potion            ||     1
Armor: Animal skin       ||     7
       Leather armour    ||     9
Dodge: Dodged            ||    34

Table legend: (Time is in decaauts)
 A = Elapsed time spent in this place.
 B = Non-inter-level travel time spent in this place.
 C = Inter-level travel time spent in this place.
 D = Time resting spent in this place.
 E = Time spent auto-exploring this place.
 F = Levels seen in this place.
 G = Mean time per level.
                   A        B        C        D        E       F      G
               +--------+--------+--------+--------+--------+-----+--------+
         Total |   2050 |   1986 |     64 |   1444 |      3 |   3 |  683.3 |
       Dungeon |   2050 |   1986 |     64 |   1444 |      3 |   3 |  683.3 |
               +--------+--------+--------+--------+--------+-----+--------+

Top non-repeatable levels by time:
     D:1: 1860 daAuts
     D:2: 151 daAuts
     D:3: 38 daAuts
